 Dungeon Crawl Stone Soup version 0.18.1-50-g88ac8fd (webtiles) character file.

59108 Amnesiac the Grand Gadgeteer (level 14, 0/75 HPs)
             Began as a Vine Stalker Fighter on Mar 11, 2018.
             Was the Champion of Pakellas.
             Slain by a dire flail of protection (16 damage)
             ... on level 1 of the Elven Halls.
             The game lasted 01:30:28 (18840 turns).

Amnesiac the Grand Gadgeteer (VSFi)                Turns: 18840, Time: 01:30:29

Health: 0/75       AC: 32    Str: 26    XL:     14   Next: 93%
Magic:  0/27       EV:  5    Int:  8    God:    Pakellas [******]
Gold:   527        SH: 17    Dex: 12    Spells: 1 memorised, 12 levels left

rFire  + + .     SeeInvis .     a - +1 dagger (protect)
rCold  + . .     Gourm    .     R - +6 gold dragon armour
rNeg   . . .     Faith    .     c - +1 shield
rPois  +         Spirit   +     v - +1 helmet
rElec  +         Dismiss  .     i - +2 cloak {rC+}
rCorr  +         Reflect  +     x - +0 pair of gloves {Str+3}
SustAt .         Harm     .     (no boots)
MR     ++...                    P - +4 amulet of reflection
Stlth  ..........               j - ring of resist corrosion
                                w - ring of the Nightingale {Fire +Blink rElec MR+ Dex-3}

@: drained, very resistant to hostile enchantments, extremely unstealthy
A: fangs 3, regeneration 3, magic shield, antimagic bite, no device heal 3, rot
immunity
a: Quick Charge, Device Surge, Supercharge, Renounce Religion, Evoke Blink


You were on level 1 of the Elven Halls.
You worshipped Pakellas.
Pakellas was exalted by your worship.
You were very hungry.

You visited 4 branches of the dungeon, and saw 19 of its levels.
You also visited: Labyrinth, Ossuary and Ice Cave.

You collected 1775 gold pieces.
You spent 1248 gold pieces at shops.

Inventory:

Hand Weapons
 a - a +1 dagger of protection (weapon)
Missiles
 o - 16 throwing nets (quivered)
Armour
 c - a +1 shield (worn)
 i - a +2 cloak of cold resistance (worn)
 v - a +1 helmet (worn)
 x - a +0 pair of gloves of strength (worn)
 R - a +6 gold dragon armour (worn)
Rods
 b - a +9 rod of inaccuracy (17/17)
   (Pakellas gifted it to you on level 7 of the Dungeon)
Jewellery
 j - a ring of resist corrosion (right hand)
 w - the ring of the Nightingale (left hand) {Fire +Blink rElec MR+ Dex-3}
   (You found it on level 12 of the Dungeon)

   [ring of fire]

   It enhances your fire magic, and weakens your ice magic.
   It affects your dexterity (-3).
   It protects you from fire.
   It makes you vulnerable to cold.
   It insulates you from electricity.
   It affects your resistance to hostile enchantments.
   It lets you blink.
 P - a +4 amulet of reflection (around neck)
 X - an uncursed ring of flight
Wands
 g - a wand of confusion (2/48)
 B - a wand of lightning (13/15)
 O - a wand of enslavement (12/24)
 Q - a wand of digging (11/24)
 V - a wand of iceblast (15/15)
Scrolls
 e - 2 scrolls of magic mapping {!r}
 m - 3 scrolls of blinking {!r}
 n - 7 scrolls of remove curse {!r}
 q - 2 scrolls of enchant weapon {!r}
 y - 4 scrolls of fog {!r}
 C - 7 scrolls of identify {!r}
 E - 14 scrolls of teleportation {!r}
 N - 2 scrolls of fear {!r}
Potions
 d - 6 potions of might {!q}
 h - 2 potions of lignification {!q}
 s - 5 potions of haste {!q}
 t - 8 potions of curing {!q}
 u - 12 potions of magic {!q}
 A - 2 potions of berserk rage {!q}
 D - a potion of resistance {!q}
 F - 4 potions of mutation {!q}
 H - 5 potions of invisibility {!q}
 K - 5 potions of agility {!q}
 T - 3 potions of cancellation {!q}
Miscellaneous
 l - a plain deck of wonders {the Alchemist, drawn: 2}
 r - a lamp of fire
 z - a box of beasts {used: 5}
 M - a disc of storms
Comestibles
 f - 12 bread rations


   Skills:
 - Level 9.0(8.5) Fighting
 - Level 8.0(7.5) Short Blades
 - Level 5.0(4.5) Armour
 - Level 5.0(4.6) Dodging
 - Level 9.0(8.5) Shields
 * Level 16.8(16.2) Evocations


You had 12 spell levels left.
You knew the following spells:

 Your Spells              Type           Power        Failure   Level  Hunger
a - Summon Butterflies    Summ           #.......     100%        1    ##.....


Dungeon Overview and Level Annotations

Branches:
Dungeon (15/15)            Temple (1/1) D:4            Lair (0/8) D:10
    Orc (2/2) D:11            Elf (1/3) Orc:2        Vaults (0/5) D:13
 Depths (0/5) D:15

Altars:
Cheibriados
Elyvilon
Gozag
Kikubaaqudgha
Makhleb
Nemelex Xobeh
Okawaru
Pakellas
Ru
Trog
Vehumet
Xom
Yredelemnul
Zin

Shops:
D:8 %   D:12 !   Orc:2 ?*[   Elf:1 [


Innate Abilities, Weirdness & Mutations

You have razor-sharp teeth.
You regenerate.
When hurt, damage is shared between your health and your magic reserves.
Your bite disrupts and absorbs the magic of your enemies.
Potions and wands cannot restore your health.
You are immune to rotting.


Message History

You bite the dire flail of protection! You drain its power.
The dire flail of protection is almost destroyed.
The dire flail of protection hits you!
Your gold dragon armour prevents you from hitting the dire flail of protection.
You bite the dire flail of protection, but do no damage.
The dire flail of protection is almost destroyed.
You block the dire flail of protection's attack.
You barely miss the dire flail of protection.
The dire flail of protection is almost destroyed.
The dire flail of protection hits you.
You miss the dire flail of protection.
The dire flail of protection is almost destroyed.
The dire flail of protection hits you.
* * * LOW HITPOINT WARNING * * *
Your shield and gold dragon armour prevent you from hitting the dire flail of protection.
The dire flail of protection is severely damaged.
You block the dire flail of protection's attack.
You hit the dire flail of protection but do no damage.
You bite the dire flail of protection. You drain its power.
You feel invigorated.
The dire flail of protection is severely damaged.
The dire flail of protection hits you!
* * * LOW HITPOINT WARNING * * *
You hit the dire flail of protection but do no damage.
The dire flail of protection is severely damaged.
You block the dire flail of protection's attack.
You hit the dire flail of protection but do no damage.
The dire flail of protection is severely damaged.
The dire flail of protection hits you!
* * * LOW HITPOINT WARNING * * *
You miss the dire flail of protection.
The dire flail of protection is severely damaged.
The dire flail of protection hits you!
* * * LOW HITPOINT WARNING * * *
You are too injured to fight recklessly!
You are too injured to fight recklessly!
You are too injured to fight recklessly!
You are too injured to fight recklessly!
You are too injured to fight recklessly!
You are too injured to fight recklessly!
You are too injured to fight recklessly!
You are too injured to fight recklessly!
You are too injured to fight recklessly!
You are too injured to fight recklessly!
You are too injured to fight recklessly!
You are too injured to fight recklessly!
You are too injured to fight recklessly!
You are too injured to fight recklessly!
You are too injured to fight recklessly!
You miss the dire flail of protection.
The dire flail of protection is severely damaged.
The dire flail of protection hits you but does no damage.
Evoke which item? (* to show all) (? for menu, Esc to quit)
You open the lid... ...and a mature stingshock beast leaps out!
The dire flail of protection hits you but does no damage.
You swap places.
The dire flail of protection hits you.
* * * LOW HITPOINT WARNING * * *
You miss the dire flail of protection.
The dire flail of protection is heavily damaged.
The dire flail of protection hits you but does no damage.
The dire flail of protection hits you!!
You die...
Pakellas says: Time to find a new assistant...

##............##
#.###..#......#
#.# #..##...#.#
.# ##.........#
##...########
##....# #
##....##
#...####.(..##
.......'.H@##
#...####..## #
##.# ###


You could see a dire flail of protection and a friendly mature stingshock beast.

Vanquished Creatures
  Roxanne (D:15)
  Nessos (D:13)
  An ettin (shapeshifter) (D:15)
  A vault guard (D:13)
  Josephine (D:13)
  5 hydras
  A rakshasa (D:15)
  A catoblepas (D:14)
  2 dancing weapons (Elf:1)
  A centaur warrior (D:14)
  2 tengu warriors (D:14)
  A deep elf knight (Elf:1)
  An orc high priest (Orc:2)
  An unseen horror (D:15)
  The ghost of Amnesiac the Slicer, a novice MfFi of Pakellas (D:9)
  2 wizards
  2 manticores
  6 hill giants
  The ghost of magog001 the Chopper, a novice HOFi of Nemelex Xobeh (D:6)
  A necromancer (D:13)
  7 deep elf magi
  7 orc sorcerers
  A wolf spider zombie (D:14)
  13 slime creatures
  4 ugly things
  2 cyclopes
  2 ice statues (IceCv)
  A spiny frog (shapeshifter) (D:15)
  3 kobold demonologists
  Psyche (D:8)
  A gargoyle (D:14)
  2 komodo dragons
  4 ice devils (IceCv)
  2 freezing wraiths
  An efreet (D:15)
  4 trolls
  3 two-headed ogres
  A raiju (shapeshifter) (D:15)
  5 wraiths
  A spriggan (shapeshifter) (D:12)
  3 wyverns
  A hungry ghost (D:13)
  A vampire (D:11)
  18 yaks
  Grum (D:8)
  3 hippogriffs
  20 humans (D:13)
  A steam dragon (D:9)
  A basilisk (D:15)
  A mottled dragon (shapeshifter) (D:15)
  A warg (Orc:2)
  20 orc warriors
  11 ice beasts
  2 sky beasts (D:11)
  3 wasps
  A black bear (D:10)
  2 phantoms
  5 eyes of draining
  9 ogres
  5 boggarts (D:15)
  7 centaurs
  3 wolves (D:8)
  10 big kobolds
  8 giant frogs
  An earth elemental (Elf:1)
  2 wyvern zombies (D:10)
  2 wyvern skeletons
  7 killer bees (D:9)
  4 scorpions
  17 wights
  6 howler monkeys
  A vampire bat (D:3)
  7 crimson imps
  8 centaur zombies
  A giant frog zombie (D:12)
  A quasit (D:11)
  A wasp zombie (D:12)
  6 hounds
  18 orc priests
  2 jellies
  28 orc wizards
  2 centaur skeletons
  4 giant frog skeletons
  4 iguanas
  Ijyb (D:2)
  10 worker ants
  A hell rat (D:10)
  2 sheep (D:8)
  6 big kobold zombies (Ossuary)
  A hound zombie (D:10)
  A hound skeleton (D:11)
  Robin (D:4)
  5 mummies (Ossuary)
  A howler monkey skeleton (D:10)
  8 adders
  4 gnolls (D:7)
  A river rat (D:10)
  5 shadow imps
  3 white imps (IceCv)
  8 ufetubi (IceCv)
  An ooze (D:4)
  3 adder skeletons
  2 worms
  4 dart slugs
  2 giant geckos
  57 orcs
  2 ball pythons
  2 bat skeletons (D:3)
  4 bat zombies (D:3)
  4 giant cockroaches
  14 goblins
  6 hobgoblins
  11 jackals
  4 quokkas
  4 bats
  6 giant newts
  3 hobgoblin zombies (Ossuary)
  18 kobolds
  2 quokka skeletons (D:6)
  4 rats (D:1)
568 creatures vanquished.

Vanquished Creatures (collateral kills)
  A minotaur (Lab)
  6 ice devils (IceCv)
  A crocodile (D:10)
  A scorpion (D:10)
  A killer bee (D:9)
  A hound (D:9)
  3 orc wizards (Orc:2)
  An iguana (D:10)
  A worker ant (D:10)
  3 orcs
19 creatures vanquished.

Vanquished Creatures (others)
  Harold (D:10)
  The ghost of magog001 the Cleaver, a novice MiFi of Nemelex Xobeh (IceCv)
  2 deep elf magi
  A komodo dragon (D:10)
  A basilisk (D:10)
  2 orc priests (Orc:2)
  An orc wizard (Orc:2)
  4 white imps (IceCv)
  2 ufetubi (IceCv)
  An orc (Orc:2)
  A fungus (D:14)
  3 plants (D:14)
20 creatures vanquished.

Grand Total: 607 creatures vanquished

Notes
Turn   | Place    | Note
--------------------------------------------------------------
     0 | D:1      | Amnesiac the Vine Stalker Fighter began the quest for the Orb.
     0 | D:1      | Reached XP level 1. HP: 11/11 MP: 2/2
   103 | D:2      | Reached XP level 2. HP: 16/16 MP: 3/3
   213 | D:3      | Reached XP level 3. HP: 19/19 MP: 4/4
   216 | D:3      | Found an ancient bone altar of Kikubaaqudgha.
   236 | D:3      | Reached XP level 4. HP: 21/23 MP: 3/5
   301 | D:3      | Reached XP level 5. HP: 19/27 MP: 6/6
   514 | D:4      | Reached skill level 5 in Short Blades
   555 | D:4      | Found a staircase to the Ecumenical Temple.
   585 | Temple   | Entered the Ecumenical Temple
   598 | Temple   | Became a worshipper of Pakellas the Inventive
   714 | D:4      | Reached skill level 1 in Evocations
   799 | D:4      | Noticed an ogre
   806 | D:4      | Killed an ogre
   806 | D:4      | Reached skill level 2 in Evocations
   806 | D:4      | Gained mutation: You heal very quickly. [Vine Stalker growth]
   806 | D:4      | Reached XP level 6. HP: 32/32 MP: 6/8
   832 | D:4      | Found a sand-covered staircase.
   839 | Ossuary  | Entered an ossuary
  1021 | Ossuary  | Reached skill level 3 in Evocations
  1334 | Ossuary  | Reached skill level 4 in Evocations
  1334 | Ossuary  | Reached XP level 7. HP: 35/35 MP: 9/11
  1404 | Ossuary  | Reached * piety under Pakellas
  1404 | Ossuary  | Received a gift from Pakellas
  1459 | D:4      | Noticed Robin
  1515 | D:4      | Reached skill level 5 in Evocations
  1523 | D:4      | Killed Robin
  1633 | D:4      | Found a burning altar of Makhleb.
  1634 | D:4      | Found a basalt altar of Yredelemnul.
  2053 | D:1      | Reached ** piety under Pakellas
  2053 | D:1      | Received a gift from Pakellas
  2936 | D:2      | Noticed Ijyb
  2948 | D:2      | Killed Ijyb
  3345 | D:3      | Found a bloodstained altar of Trog.
  3981 | D:5      | Entered Level 5 of the Dungeon
  4045 | D:5      | Reached *** piety under Pakellas
  4045 | D:5      | Received a gift from Pakellas
  4045 | D:5      | Gained mutation: You have razor-sharp teeth. [Vine Stalker growth]
  4045 | D:5      | Reached XP level 8. HP: 37/39 MP: 12/12
  4514 | D:6      | Found a burning altar of Makhleb.
  4529 | D:6      | Reached skill level 6 in Evocations
  4561 | D:6      | Noticed magog001's ghost (novice HOFi)
  4576 | D:6      | Killed magog001's ghost
  4576 | D:6      | Reached skill level 7 in Evocations
  4576 | D:6      | Reached XP level 9. HP: 27/43 MP: 13/15
  4627 | D:6      | Found a glowing silver altar of Zin.
  4670 | D:6      | Reached **** piety under Pakellas
  4670 | D:6      | Received a gift from Pakellas
  5077 | D:7      | Reached skill level 8 in Evocations
  5455 | D:7      | Reached ***** piety under Pakellas
  5455 | D:7      | Received a gift from Pakellas
  5529 | D:7      | Found a radiant altar of Vehumet.
  5600 | D:7      | Identified a +6 rod of inaccuracy (14/14) (Pakellas gifted it to you on level 7 of the Dungeon)
  5751 | D:8      | Reached skill level 9 in Evocations
  5754 | D:8      | Noticed Grum
  5764 | D:8      | Killed Grum
  5834 | D:8      | Found Devo's Food Boutique.
  5867 | D:8      | You fall through a shaft for 2 floors!
  5867 | D:10     | Entered Level 10 of the Dungeon
  5867 | D:10     | Found a staircase to the Lair.
  5867 | D:10     | Noticed a komodo dragon
  5867 | D:10     | Noticed a komodo dragon
  5867 | D:10     | Noticed a kobold demonologist
  5870 | D:10     | Noticed a green ugly thing
  5874 | D:10     | Noticed an orange demon
  5889 | D:9      | Noticed Amnesiac's ghost (novice MfFi)
  5889 | D:9      | Found a white marble altar of Elyvilon.
  5918 | D:9      | Reached XP level 10. HP: 34/47 MP: 18/18
  5939 | D:8      | Reached skill level 10 in Evocations
  6496 | D:8      | Found a bloodstained altar of Trog.
  6517 | D:8      | Reached skill level 1 in Dodging
  6580 | D:8      | Noticed Psyche
  6607 | D:8      | Killed Psyche
  6757 | D:8      | Noticed a three-headed hydra
  6762 | D:8      | Killed a one-headed hydra
  7287 | D:9      | Killed a green ugly thing
  7287 | D:9      | Reached skill level 11 in Evocations
  7543 | D:9      | Killed Amnesiac's ghost
  7543 | D:9      | Reached XP level 11. HP: 53/53 MP: 20/20
  7796 | D:9      | Found a shimmering altar of Xom.
  8027 | D:10     | Noticed Harold
  8036 | D:10     | Noticed a manticore
  8050 | D:10     | Your ally died
  8063 | D:10     | Killed a manticore
  8212 | D:10     | Got a polished leather armour
  8230 | D:10     | Identified the +2 leather armour "Juves" {rPois} (You took it off an orc on level 10 of the Dungeon)
  8633 | D:11     | Learned a level 1 spell: Summon Butterflies
  8724 | D:11     | Reached skill level 5 in Fighting
  8894 | D:11     | Found a frozen archway.
  8923 | D:11     | Noticed a wizard
  8927 | D:11     | Paralysed by a wizard for 7 turns
  8941 | D:11     | Paralysed by a wizard for 5 turns
  8955 | D:11     | Killed a wizard
  9036 | IceCv    | Entered an ice cave
  9064 | IceCv    | Killed magog001's ghost
  9236 | IceCv    | Reached skill level 5 in Shields
  9362 | IceCv    | Reached skill level 5 in Armour
  9362 | IceCv    | Reached skill level 5 in Dodging
  9583 | IceCv    | Gained mutation: You regenerate. [Vine Stalker growth]
  9583 | IceCv    | Reached XP level 12. HP: 50/60 MP: 4/21
  9731 | IceCv    | Reached skill level 12 in Evocations
 10208 | D:11     | Found a staircase to the Orcish Mines.
 10242 | D:11     | Noticed a seven-headed hydra
 10262 | D:11     | Killed a seven-headed hydra
 10495 | D:12     | Got a brightly glowing marble ring
 10497 | D:12     | Identified the ring of the Nightingale {Fire +Blink rElec MR+ Dex-3} (You found it on level 12 of the Dungeon)
 10566 | D:12     | Found Uxierygoff's Distillery.
 10587 | D:12     | Noticed an eight-headed hydra
 10602 | D:12     | Killed an eight-headed hydra
 11474 | D:13     | Reached skill level 13 in Evocations
 11506 | D:13     | Noticed an eight-headed hydra
 11508 | D:13     | Reached XP level 13. HP: 66/67 MP: 23/23
 11581 | D:13     | Found a labyrinth entrance.
 11670 | Lab      | Entered a labyrinth
 12324 | Lab      | Noticed a minotaur
 12362 | Lab      | Killed a minotaur
 12428 | D:13     | Noticed Josephine
 12460 | D:13     | Killed Josephine
 12871 | D:13     | Reached ****** piety under Pakellas
 12947 | D:13     | Noticed a vault guard
 13021 | D:13     | Killed a vault guard
 13089 | D:13     | Noticed Nessos
 13123 | D:13     | Killed Nessos
 13174 | D:13     | Reached skill level 14 in Evocations
 13209 | D:13     | Found a gate to the Vaults.
 14583 | D:14     | Found a sacrificial altar of Ru.
 14735 | D:15     | Entered Level 15 of the Dungeon
 14876 | D:15     | Got a steaming quarterstaff
 14951 | D:15     | Reached XP level 14. HP: 67/74 MP: 26/26
 15035 | D:15     | Noticed Roxanne
 15100 | D:15     | Found an iron altar of Okawaru.
 15433 | D:15     | Reached skill level 15 in Evocations
 15968 | D:15     | Found a staircase to the Depths.
 16239 | D:15     | Killed Roxanne
 16414 | Orc:1    | Entered Level 1 of the Orcish Mines
 16696 | Orc:1    | You fall through a shaft!
 16696 | Orc:2    | Entered Level 2 of the Orcish Mines
 16696 | Orc:2    | Found Itaobos's Magic Scroll Boutique.
 16696 | Orc:2    | Found Kysat's Gadget Boutique.
 16696 | Orc:2    | Found Optoum's General Store.
 16707 | Orc:2    | Reached skill level 16 in Evocations
 16917 | Orc:2    | Found Muedd's Armour Shop.
 17154 | Orc:2    | Found a staircase to the Elven Halls.
 17615 | Orc:1    | You fall through a shaft!
 17913 | Elf:1    | Entered Level 1 of the Elven Halls
 18023 | Orc:2    | Bought a +2 gold dragon armour for 1104 gold pieces
 18381 | Elf:1    | Found Noebrue's Antique Armour Boutique.
 18387 | Elf:1    | Bought a pair of glowing gloves for 144 gold pieces
 18840 | Elf:1    | Slain by a dire flail of protection

Skill      XL: |  1  2  3  4  5  6  7  8  9 10 11 12 13 14 |
---------------+-------------------------------------------+-----
Short Blades   | 2 3 4 5 6 8 |  8.0
Evocations     | 2 4 5 7 9 11 13 14 16 | 16.8
Dodging        | 3 5 |  5.0
Armour         | 3 5 |  5.0
Fighting       | 4 5 7 8 9 |  9.0
Shields        | 4 5 7 9 |  9.0

Action                   |  1- 3 |  4- 6 |  7- 9 | 10-12 | 13-15 || total
-------------------------+-------+-------+-------+-------+-------++-------
Melee: Rapier            |    66 |   151 |   494 |  1360 |  1138 ||  3209
       Bite              |    17 |    46 |   184 |   588 |   620 ||  1455
       Hand axe          |       |       |       |     4 |       ||     4
       Dagger            |       |       |       |       |   482 ||   482
Invok: Quick Charge      |       |       |     4 |    14 |     9 ||    27
 Abil: Evoke Flight      |       |       |       |       |     1 ||     1
Evoke: Wand              |       |     3 |    19 |    68 |   111 ||   201
       Rod               |       |       |     6 |     8 |    12 ||    26
       Box of beasts     |       |       |       |     3 |     2 ||     5
       Deck              |       |       |       |     2 |       ||     2
       Disc of storms    |       |       |       |       |     9 ||     9
  Use: Scroll            |       |     6 |    13 |    11 |    10 ||    40
       Potion            |       |       |       |     2 |     1 ||     3
 Stab: Confused          |       |       |     8 |    33 |    30 ||    71
       Betrayed ally     |       |       |       |     1 |       ||     1
       Petrified         |       |       |       |       |     2 ||     2
       Petrifying        |       |       |       |       |     1 ||     1
  Eat: Chunk             |       |       |    18 |    14 |    13 ||    45
       Beef jerky        |       |       |       |     2 |       ||     2
       Bread ration      |       |       |       |     1 |     2 ||     3
       Meat ration       |       |       |       |       |     2 ||     2
Armor: Scale mail        |    53 |    29 |   154 |       |   455 ||   691
       Plate armour      |       |       |    29 |   580 |    25 ||   634
       Skin              |       |       |       |       |    43 ||    43
       Gold dragon armou |       |       |       |       |   158 ||   158
Dodge: Dodged            |    36 |    22 |    86 |   228 |   396 ||   768
Block: Shield            |    57 |    62 |   230 |   523 |  1023 ||  1895
       Buckler           |       |       |       |    19 |       ||    19
       Reflection        |       |       |       |       |     9 ||     9
